Map: Lightshade LE

Players

ViBE - Winner!

  • Race: Terran Terran
  • League: Gold
  • Spawn Location: 11:00

Foodstamp

  • Race: Terran Terran
  • League: Platinum
  • Spawn Location: 5:00

VOD

Have the link to the VOD?

Description

Time

  • Played on: March 26, 2021, 9 p.m.
  • Length: 12:19
Show
View Real Time Build Order
Export as new Build Order

ViBE Terran - Winner!

Build Orders:  

Get SALT Encoding   

  12  0:00  SCV  
  13  0:12  SCV  
  14  0:18  Supply Depot  
  14  0:24  SCV  
  15  0:39  SCV  
  15  0:41  Barracks  
  16  0:50  Refinery  
  16  0:52  SCV  
  18  1:04  SCV  
  18  1:16  SCV  
  19  1:28  Orbital Command, Marine  
  20  1:37  Command Center  
  20  1:51  Marine  
  20  1:54  Supply Depot  
  21  1:55  SCV  
  22  2:07  SCV  
  23  2:09  Factory  
  23  2:19  Barracks Reactor  
  23  2:22  SCV  
  24  2:34  SCV  
  25  2:38  Bunker  
  25  2:46  SCV  
  25  2:47  Supply Depot  
  25  2:49  Orbital Command  
  26  2:54  Factory Tech Lab, Barracks  
  26  2:55  Marine  
  26  2:56  Marine  
  28  2:58  SCV  
  29  3:11  SCV  
  30  3:14  Siege Tank  
  30  3:17  Refinery  
  30  3:19  SCV  
  34  3:23  SCV  
  35  3:28  Marine x2  
  35  3:31  SCV  
  38  3:35  SCV  
  39  3:43  SCV  
  39  3:45  Barracks Tech Lab  
  39  3:47  SCV  
  41  3:52  Siege Tank  
  41  3:55  SCV  
  45  3:57  Marine x2  
  45  3:59  SCV  
  48  4:04  Supply Depot  
  48  4:05  Supply Depot  
  48  4:07  SCV  
  46  4:11  SCV  
  43  4:19  SCV, Marine x2  
  43  4:20  Marine  
  43  4:23  SCV  
  47  4:31  SCV  
  47  4:35  SCV  
  49  4:44  SCV  
  50  4:46  Starport, Marine x2  
  50  4:47  SCV, Marine  
  54  4:54  Command Center  
  54  4:56  SCV  
  54  4:59  SCV  
  56  5:01  Refinery  
  56  5:03  Refinery  
  56  5:08  SCV  
  56  5:12  SCV  
  58  5:16  Marine x2  
  58  5:17  Marine  
  58  5:20  SCV  
  62  5:22  Supply Depot  
  62  5:24  SCV, Supply Depot  
  62  5:27  Starport Reactor  
  63  5:32  SCV  
  64  5:36  SCV  
  64  5:37  Marine x3  
  68  5:44  SCV  
  68  5:46  Supply Depot x2  
  68  5:48  SCV  
  68  5:49  Engineering Bay  
  70  5:51  Engineering Bay  
  70  5:56  SCV  
  71  6:00  SCV  
  71  6:03  Marine x3  
  75  6:08  SCV, Siege Tank  
  75  6:09  Barracks  
  75  6:10  Barracks  
  79  6:11  Stimpack  
  79  6:12  SCV, Barracks  
  79  6:14  Orbital Command  
  80  6:20  SCV  
  80  6:24  SCV, Medivac x2  
  86  6:32  SCV  
  86  6:34  Supply Depot  
  86  6:35  Supply Depot  
  86  6:36  SCV  
  86  6:37  Marine x3  
  91  6:40  Orbital Command  
  91  6:45  SCV  
  92  6:48  SCV  
  92  6:51  Terran Infantry Armor Level 1, Terran Infantry Weapons Level 1  
  93  6:55  Marine x3  
  93  6:59  Armory  
  96  7:04  SCV  
  96  7:05  SCV  
  96  7:08  SCV  
  99  7:09  Barracks Reactor  
  99  7:10  Barracks Reactor x2  
  99  7:13  Marine x3  
  102  7:17  SCV x2  
  102  7:18  Armory  
  104  7:23  SCV  
  104  7:28  Supply Depot x2  
  104  7:29  SCV x2  
  107  7:36  SCV  
  108  7:41  SCV x2  
  108  7:43  Refinery  
  110  7:44  Refinery  
  110  7:45  Marine  
  110  7:47  Marine x2  
  110  7:48  SCV  
  113  7:51  Marine x4  
  113  7:52  Marine x2  
  113  7:53  SCV, Thor  
  113  7:54  Medivac x2  
  130  8:03  Marine  
  130  8:04  Command Center  
  123  8:13  Marine x4  
  126  8:24  Marine  
  126  8:25  SCV  
  126  8:26  SCV x2  
  115  8:36  Siege Tank  
  115  8:37  SCV  
  114  8:46  SCV x2  
  108  8:48  Marine  
  108  8:49  SCV, Marine  
  108  8:53  Barracks  
  108  8:54  Barracks  
  84  8:56  Barracks  
  84  8:58  SCV x2  
  84  9:01  SCV  
  83  9:07  Marine  
  78  9:10  SCV x2  
  78  9:12  Liberator x2  
  78  9:20  Marine  
  78  9:22  SCV  
  81  9:25  Marine  
  81  9:28  SCV x2  
  80  9:36  Engineering Bay  
  78  9:38  Engineering Bay  
  78  9:39  SCV x2  
  78  9:43  Marine x2  
  72  9:47  Command Center  
  72  9:50  SCV x2  
  72  9:52  Barracks Reactor x2, Barracks Tech Lab  
  67  9:59  Factory, Terran Vehicle Weapons Level 1  
  66  10:04  SCV x2  
  68  10:07  SCV  
  68  10:09  Marine x2  
  68  10:12  Medivac  
  68  10:13  Medivac  
  75  10:16  SCV x2  
  78  10:23  Planetary Fortress  
  78  10:26  Refinery  
  78  10:27  Refinery  
  78  10:28  SCV x2  
  77  10:40  SCV  
  77  10:42  Command Center  
  78  10:43  SCV  
  79  10:52  SCV, Marine x7  
  79  10:53  Factory Tech Lab  
  79  10:54  Medivac  
  79  10:55  SCV, Medivac  
  92  11:00  Refinery  
  93  11:04  SCV x2  
  93  11:07  SCV  
  93  11:09  Marine, Planetary Fortress  
  93  11:10  Marine  
  97  11:16  SCV  
  97  11:17  SCV  
  99  11:19  SCV  
  100  11:28  SCV, Siege Tank  
  100  11:29  SCV, Marine x3, Medivac  
  100  11:30  Marine x4  
  100  11:31  SCV  
  100  11:32  Medivac  
  117  11:40  SCV  
  117  11:41  SCV  
  117  11:43  SCV  
  120  11:51  SCV  
  120  11:52  SCV, Barracks  
  120  11:53  SCV, Barracks  
  122  11:54  Barracks  
  122  11:55  SCV  
  122  11:57  Barracks  
  122  11:59  Barracks  
  113  12:03  SCV  
  113  12:04  SCV  
  113  12:05  SCV  
Show
View Real Time Build Order
Export as new Build Order

Foodstamp Terran 

Build Orders:  

Get SALT Encoding   

  12  0:11  Supply Depot  
  12  0:13  SCV  
  13  0:25  SCV  
  14  0:34  Barracks  
  14  0:39  Refinery  
  14  0:41  SCV  
  15  0:50  Refinery  
  15  0:53  SCV  
  16  1:06  SCV  
  17  1:18  SCV  
  18  1:20  Barracks Reactor  
  18  1:30  SCV  
  19  1:57  Supply Depot  
  19  1:59  Reaper x2  
  21  2:03  SCV  
  22  2:15  SCV  
  23  2:16  Command Center  
  23  2:27  SCV  
  24  2:31  Reaper x2  
  26  2:39  SCV  
  26  2:42  Factory  
  27  2:50  Supply Depot  
  27  2:51  SCV  
  28  3:03  Reaper x2  
  28  3:04  SCV  
  31  3:16  SCV, Engineering Bay  
  32  3:27  Factory Tech Lab  
  32  3:28  SCV  
  32  3:30  Refinery  
  33  3:40  SCV  
  34  3:45  Starport  
  34  3:52  SCV  
  35  4:04  SCV  
  36  4:16  SCV  
  36  4:28  SCV  
  37  4:35  Siege Tank  
  40  4:38  Starport Reactor  
  40  4:40  SCV  
  40  4:45  Planetary Fortress  
  41  4:46  Barracks  
  41  4:47  Barracks  
  41  4:49  Refinery  
  42  4:52  SCV  
  42  4:55  Terran Infantry Weapons Level 1  
  42  5:01  Supply Depot  
  42  5:05  SCV  
  43  5:07  Siege Tank  
  43  5:10  Marine  
  43  5:11  Marine  
  48  5:17  SCV  
  48  5:18  Medivac  
  48  5:19  Medivac  
  53  5:28  Marine x2  
  53  5:29  SCV  
  53  5:30  SCV  
  57  5:37  Barracks Reactor, Barracks Tech Lab  
  57  5:42  SCV, Orbital Command  
  58  5:48  Medivac  
  58  5:49  Medivac  
  62  6:03  Supply Depot  
  62  6:11  SCV, Siege Tank  
  66  6:14  Supply Depot  
  66  6:15  Marine  
  66  6:16  Marine x3  
  70  6:24  Marine  
  71  6:30  Liberator  
  74  6:33  Marine  
  74  6:35  SCV  
  74  6:37  Stimpack  
  76  6:43  Siege Tank  
  76  6:44  Liberator  
  82  6:48  SCV  
  83  6:57  Supply Depot  
  83  7:00  SCV  
  84  7:02  Marine x2  
  84  7:05  Terran Infantry Armor Level 1  
  86  7:11  Supply Depot  
  86  7:19  SCV, Marine  
  88  7:29  Marine x4  
  92  7:31  SCV  
  92  7:36  Marine  
  94  7:39  SCV  
  95  7:46  Marine x2  
  97  7:51  SCV  
  98  8:04  SCV  
  98  8:13  Siege Tank  
  98  8:16  Marine  
  102  8:33  Marine  
  102  8:35  Marine x2  
  95  8:45  Siege Tank  
  39  9:18  Siege Tank  
  35  9:50  Siege Tank  
  38  9:56  Marine  
  38  9:57  Marine x2  
  32  10:22  Siege Tank  
  35  10:31  Liberator x2  
  41  10:36  Marine x4  
  41  10:39  Command Center  
  41  11:08  Marine  
  42  11:14  Liberator x2  
  48  11:55  Marine  
  48  11:56  Marine  
Tags
 
Matchup
TvT
Player
ViBE
Race
Terran
Replay Pack
Gold_League
Spawn Locations
Cross Positions
Add a new tag
Caveats
  • Supply blocks, unpowered buildings, or Contaminate may cause inaccurate times.
  • Supply counts are checked every 10 seconds.